 Dungeon Crawl Stone Soup version 0.30-a0-778-g2ef04afb54 (webtiles) character file.

Game seed: 10136766751410978059

300 IdlyInterested the Cudgeller (level 6, -5/41 (47) HPs)
             Began as a Demonspawn Fighter on Feb 16, 2023.
             Slain by a wight
             ... wielding a +4 war axe of freezing
              (6 damage)
             ... on level 5 of the Dungeon.
             The game lasted 00:10:13 (3968 turns).

IdlyInterested the Cudgeller (Demonspawn Fighter)   Turns: 3968, Time: 00:10:14

HP:   -5/41 (47)    AC:  8    Str: 24    XL:     6   Next: 13%
MP:   6/6           EV: 10    Int:  9    God:
Gold: 120           SH:  5    Dex: 13    Spells: 5/5 levels left

rFire   . . .      SeeInvis .    q - +0 whip (elec)
rCold   . . .      Faith    .    (no shield)
rNeg    + . .      Spirit   .    b - +1 scale mail
rPois   .          Reflect  +    s - +0 helmet
rElec   .          Harm     .    (no cloak)
rCorr   .          Rampage  .    (no gloves)
Will    .....                    (no boots) Stlth
                                 i - amulet of reflection
HPRegen 0.26/turn                g - ring of positive energy
MPRegen 0.10/turn                t - +6 ring of strength

@: mighty, heavily drained
A: powered by pain 2, demonic touch 1
a: no special abilities


You were on level 5 of the Dungeon.
You visited 1 branch of the dungeon, and saw 5 of its levels.

You collected 208 gold pieces.
You spent 88 gold pieces at shops.

Inventory:

Hand Weapons
 a - a +0 flail
 q - a +0 whip of electrocution (weapon)
 u - a +0 whip of venom
Missiles
 j - 15 poisoned darts (quivered)
Armour
 b - a +1 scale mail (worn)
 s - a +0 helmet (worn)
Jewellery
 g - a ring of positive energy (left hand)
 i - an amulet of reflection (around neck)
 t - a +6 ring of strength (right hand)
Wands
 k - a wand of iceblast (13)
 r - a wand of polymorph (6)
Scrolls
 c - 2 scrolls of fear
 n - 2 scrolls of blinking
 o - a scroll of teleportation
Potions
 d - 2 potions of might
 e - a potion of cancellation
 f - 3 potions of invisibility
 h - a potion of attraction {unknown}
 l - 2 potions of haste {unknown}
 m - 2 potions of heal wounds {unknown}
 p - a potion of degeneration {unknown}
 v - a potion of ambrosia


   Skills:
 - Level 3.0 Fighting
 * Level 5.2 Maces & Flails
 - Level 1.0 Throwing
 + Level 2.6 Armour
 - Level 1.0 Dodging
 - Level 1.0 Stealth
 - Level 2.6 Shields
 - Level 1.0 Unarmed Combat
 - Level 1.0 Evocations


You had 5 spell levels left.
You didn't know any spells.
Your spell library contained the following spells:

 Spells                   Type           Power      Damage    Failure   Level
 Necrotise                Necr           0%         1d4       69%         1
 Summon Small Mammal      Summ           0%         N/A       69%         1
 Call Canine Familiar     Summ           0%         N/A       96%         3
 Kindle Blastsparks       Fire/Tloc/Air  0%         2d10      96%         3
 Ozocubu's Armour         Ice            0%         N/A       96%         3
 Summon Guardian Golem    Hex/Summ       0%         N/A       96%         3
 Vampiric Draining        Necr           0%         2d6       96%         3
 Fulminant Prism          Conj/Hex       0%         3d5       100%        4
 Iskenderun's Mystic Bla  Conj/Tloc      0%         2d3       100%        4
 Agony                    Necr           0%         N/A       100%        5
 Lee's Rapid Deconstruct  Erth           0%         3d4*      100%        5
 Ozocubu's Refrigeration  Ice            0%         4d7       100%        7


Dungeon Overview and Level Annotations

Branches:
Dungeon (5/15)
 Temple: D:4-7

Altars:
Uskayaw

Shops:
D:4 *


Innate Abilities, Weirdness & Mutations

You sometimes gain power by taking damage.
Your touch may inflict minor irresistible damage on your foes.


Message History

There is a stone staircase leading up here.
You climb upwards.
There is a stone staircase leading down here.
You enter the shallow water.
Moving in this stuff is going to be slow.
There is a stone staircase leading down here.
You climb downwards.
Found a ring mail.
There is a stone staircase leading up here.
A wight comes into view.
It is wielding a +4 war axe of freezing.
A phantom comes into view.
The wight hits you with a +3 flail. You partially resist.
You feel drained.
A wight comes into view. It is wielding a +3 morningstar.
The wight closely misses you. The wight attacks as you move away!
The wight hits you with a +4 war axe of freezing!
You partially resist.
You feel drained. The wight freezes you. The wight hits you with a +3 flail.
You partially resist.
You feel drained. The wight attacks as you move away!
The wight hits you with a +4 war axe of freezing.
You partially resist.
You feel drained. The wight freezes you. The wight attacks as you move away!
The wight barely misses you.
An orc comes into view. It is wielding a +0 dagger.
The orc shouts!
You block the phantom's attack.
You barely miss the phantom. You block the phantom's attack.
The orc hits you with a +0 dagger.
You feel very mighty all of a sudden. You block the phantom's attack.
The orc closely misses you.
You whack the wight! Your touch misses the wight.
The wight is severely damaged.
You block the phantom's attack.
A wight comes into view. It is wielding a +0 mace.
The orc hits you but does no damage.
The wight hits you with a +4 war axe of freezing!
* * * LOW HITPOINT WARNING * * *
You partially resist.
You feel drained.
* * * LOW HITPOINT WARNING * * *
The wight freezes you.
You die...

..# .# .#
.##.###
......# #
......# #.
......# #.#
z.....#
♣..####o.....#
♣.zz@W#
~~♣♣♣♣♣.z####
~[..~~...#
..♣~P♣P<.# ♣♣
♣♣.## ..# ....
..### #..


You could see a phantom, 4 wights and an orc.

Vanquished Creatures
  A necrophage (D:4)
  A hound (D:4)
  2 iguanas (D:4)
  Natasha (thrice) (D:3)
  An adder (D:4)
  A dart slug (D:2)
  4 orcs
  3 ball pythons
  8 bats
  8 endoplasms
  A giant cockroach (D:1)
  6 goblins
  8 hobgoblins
  6 jackals (D:3)
  3 quokkas
  7 frilled lizards
  9 kobolds
  4 rats
76 creatures vanquished.

Notes
Turn   | Place    | Note
-------+----------+-------------------------------------------
     0 | D:1      | IdlyInterested the Demonspawn Fighter began the quest for
                  | the Orb.
     0 | D:1      | Reached XP level 1. HP: 18/18 MP: 1/1
    50 | D:1      | Reached skill level 2 in Maces & Flails
    91 | D:1      | Gained mutation: You sometimes gain a little power by
                  | taking damage. [demonic ancestry]
    91 | D:1      | Reached XP level 2. HP: 23/24 MP: 2/2
   119 | D:1      | Reached skill level 1 in Stealth
   409 | D:1      | Gained mutation: You sometimes gain power by taking damage.
                  | [demonic ancestry]
   409 | D:1      | Reached XP level 3. HP: 29/29 MP: 3/3
  1236 | D:2      | Reached skill level 3 in Maces & Flails
  2077 | D:2      | Found a hide-covered altar of Uskayaw.
  2227 | D:3      | Reached skill level 1 in Dodging
  2396 | D:3      | Found a faded altar of an unknown god.
  2603 | D:3      | Noticed Natasha
  2610 | D:3      | Killed Natasha
  2611 | D:3      | Reached skill level 1 in Evocations
  2611 | D:3      | Gained mutation: Your touch may inflict minor irresistible
                  | damage on your foes. [demonic ancestry]
  2611 | D:3      | Reached XP level 4. HP: 32/35 MP: 4/4
  2685 | D:3      | Noticed Natasha
  2705 | D:3      | Killed Natasha
  2706 | D:3      | Reached skill level 4 in Maces & Flails
  2714 | D:3      | Noticed Natasha
  2719 | D:3      | Killed Natasha
  2720 | D:3      | Reached XP level 5. HP: 39/41 MP: 5/5
  3086 | D:4      | Reached skill level 1 in Throwing
  3162 | D:4      | Found Guimuury's General Store.
  3355 | D:4      | Reached skill level 5 in Maces & Flails
  3355 | D:4      | Reached XP level 6. HP: 47/47 MP: 6/6
  3481 | D:4      | Reached skill level 1 in Unarmed Combat
  3871 | D:4      | Bought a potion of ambrosia for 88 gold pieces
  3889 | D:5      | Entered Level 5 of the Dungeon
  3968 | D:5      | HP: 1/41 [wight/+4 war axe of freezing (2)]
  3968 | D:5      | Slain by a wight

Illustrated notes

Levels and vault maps discovered:
D:1:      minmay_arrival_diagonal_passages, layout_basic, minmay_pentomino_x4
D:2:      layout_basic, basic_altar
D:3:      layout_loops_ring, hellmonk_ecumenical_altar_dog_temple, uniq_natasha
D:4:      layout_rooms, serial_shops, nicolae_diamond_shop, serial_rivers,
          chequers_serial_rivers_room_b, chequers_serial_rivers_large_a,
          chequers_serial_rivers_marsh, chequers_serial_rivers_room_a,
          chequers_serial_rivers_small_a, chequers_serial_rivers_small_3,
          grunt_decor_junction, minmay_distorted
D:5:      layout_loops_ring, serial_bayou, serial_bayou_pond_a,
          serial_bayou_shore_b, serial_bayou_crossing, serial_bayou_shore_a,
          minmay_puff

Skill      XL: |  1  2  3  4  5  6 |
---------------+-------------------+-----
Maces & Flails | 2 3 4 5 |  5.2
Stealth        | 1 |  1.0
Dodging        | 1 |  1.0
Evocations     | 1 |  1.0
Throwing       | 1 |  1.0
Unarmed Combat | 1 |  1.0
Fighting       | |  3.0
Armour         | |  2.6
Shields        | |  2.6

Action                     |  1- 3 |  4- 6 || total
---------------------------+-------+-------++-------
  Melee: Flail             |   132 |       ||   132
         Whip              |    45 |    69 ||   114
         Touch             |       |     9 ||     9
  Throw: Dart              |     3 |       ||     3
    Use: Scroll            |     8 |     2 ||    10
         Potion            |       |     1 ||     1
 Armour: Scale mail        |    75 |    21 ||    96
  Dodge: Dodged            |    83 |    27 ||   110
  Block: Buckler           |    61 |       ||    61
         Other             |       |    14 ||    14

Table legend: (Time is in decaauts)
 A = Elapsed time spent in this place.
 B = Non-inter-level travel time spent in this place.
 C = Inter-level travel time spent in this place.
 D = Time resting spent in this place.
 E = Time spent auto-exploring this place.
 F = Levels seen in this place.
 G = Mean time per level.
                   A        B        C        D        E       F      G
               +--------+--------+--------+--------+--------+-----+--------+
         Total |   4037 |   3453 |    584 |    177 |   2517 |   5 |  807.4 |
       Dungeon |   4037 |   3453 |    584 |    177 |   2517 |   5 |  807.4 |
               +--------+--------+--------+--------+--------+-----+--------+

Top non-repeatable levels by time:
     D:2: 1210 daAuts
     D:1: 1159 daAuts
     D:4: 840 daAuts
     D:3: 816 daAuts
     D:5: 11 daAuts
